 Dungeon Crawl Stone Soup version 0.31.0-32-g396128a36d (webtiles) character file.

Game seed: 7431938354660260918

30951 cdecastro the Gelid (level 13, -5/93 HPs)
             Began as a Human Ice Elementalist on Apr 17, 2024.
             Was an Elder of Hepliaklqana.
             Slain by a skeletal warrior
             ... wielding a +0 dire flail
              (17 damage)
             ... on level 11 of the Dungeon.
             The game lasted 00:52:09 (15150 turns).

cdecastro the Gelid (Human Ice Elementalist)       Turns: 15150, Time: 00:52:09

Health: -5/93      AC: 22    Str:  9    XL:     13   Next: 55%
Magic:  19/22      EV: 12    Int: 19    God:    Hepliaklqana [****..]
Gold:   1688       SH:  0    Dex: 15    Spells: 5/25 levels left

rFire   . . .        v - +3 short sword (elec)
rCold   . . .        (no shield)
rNeg    . . .        V - +0 steam dragon scales
rPois   .            n - +0 helmet
rElec   .            (no cloak)
rCorr   .            M - +1 pair of gloves
SInv    .            (no boots)
Will    .....        p - amulet of magic regeneration
Stlth   ++           w - ring of wizardry
HPRegen 0.35/turn    x - +4 ring of protection
MPRegen 0.58/turn

%: wizardry (x1)
@: ice-armoured
A: reduced essence, explore regen
a: Renounce Religion, Recall Ancestor, Ancestor Identity, Transference, Idealise


You were on level 11 of the Dungeon.
You worshipped Hepliaklqana.
Hepliaklqana was greatly pleased with you.
You visited 3 branches of the dungeon, and saw 15 of its levels.
You also visited: Sewer and Bailey.

You collected 1688 gold pieces.

Inventory:

Hand Weapons
 v - a +3 short sword of electrocution (weapon)
 D - a +0 hand cannon
 O - a +4 dagger of draining
Missiles
 d - 6 datura-tipped darts
 k - 6 curare-tipped darts
 q - 16 boomerangs
 R - 4 atropa-tipped darts
Armour
 c - an orb of energy
 n - a +0 helmet (worn)
 s - +0 acid dragon scales
 M - a +1 pair of gloves (worn)
 N - a +0 troll leather armour
 V - +0 steam dragon scales (worn)
 Y - the +3 ring mail of Fywkiwud {rF+ Regen+ Dex+2 Stlth-}
   (You found it on level 8 of the Dungeon)

   Dex+2:     It affects your dexterity (+2).
   rF+:       It protects you from fire.
   Regen+:    It increases your rate of health regeneration.
   Stlth-:    It makes you less stealthy.
Magical Staves
 u - a staff of air
 C - the staff of the Hurling Messenger {Fly rC+ rN+ Ice Air}
   (You acquired it on level 10 of the Dungeon)

   [staff of cold]

   Base accuracy: +5 Base damage: 5 Base attack delay: 1.2 This weapon's minimum
   attack delay (0.6) is reached at skill level 12.
   rC+:       It protects you from cold.
   rN+:       It protects you from negative energy.
   Fly:       It grants you flight.
   Ice:       It increases the power of your Ice spells.
   Air:       It increases the power of your Air spells.
   It falls into the 'Staves' category.
   It is a one-handed weapon.
 G - a staff of death
Jewellery
 a - a +4 ring of protection
 o - a ring of poison resistance
 p - an amulet of magic regeneration (around neck)
 w - a ring of wizardry (left hand)
 x - a +4 ring of protection (right hand)
 y - the Hermit's Pendant {Faith Invo=14 Evo=0 MP+5}
   (You took it off an orc wizard on level 4 of the Dungeon)

   [amulet of faith]

   Invo=14: It sets your Invocations skill to 14.
   Evo=0: It sets your Evocations skill to 0.
   Faith:     It allows you to gain divine favour quickly.
   MP+5:      It affects your magic capacity (+5).
 P - an amulet of the acrobat
 X - the ring "Sued" {rC+ Int+4 Stlth+}
   (You found it on level 8 of the Dungeon)

   [ring of protection from cold]

   Int+4:     It affects your intelligence (+4).
   rC+:       It protects you from cold.
   Stlth+:    It makes you more stealthy.
Talismans
 r - a flux talisman
Wands
 e - a wand of iceblast (4)
 h - a wand of paralysis (4)
 I - a wand of flame (7)
Scrolls
 l - a scroll of poison
 z - a scroll of fog
 F - 3 scrolls of enchant weapon
 J - 5 scrolls of teleportation
Potions
 b - 3 potions of magic
 f - 3 potions of brilliance
 g - a potion of berserk rage {unknown}
 i - 5 potions of haste
 m - 5 potions of might
 t - 2 potions of lignification {unknown}
 A - 3 potions of ambrosia {unknown}
 B - 4 potions of heal wounds
 E - a potion of enlightenment {unknown}
 H - 3 potions of curing {unknown}
 Q - a potion of invisibility {unknown}
 U - a potion of mutation {unknown}
 W - a potion of attraction {unknown}


   Skills:
 - Level 10.6 Fighting
 - Level 2.0 Dodging
 - Level 2.0 Stealth
 - Level 6.6 Spellcasting
 - Level 17.0 Ice Magic
 + Level 2.9 Air Magic
 * Level 9.7 Invocations


You had 5 spell levels left.
You knew the following spells:

 Your Spells              Type           Power      Damage    Failure   Level
a - Freeze                Ice            100%       1d10      0%          1
b - Frozen Ramparts       Ice            100%       1d16      1%          3
c - Ozocubu's Armour      Ice            63%        N/A       1%          3
d - Summon Ice Beast      Ice/Summ       38%        N/A       1%          3
e - Metabolic Englaciati  Hex/Ice        19%        N/A       3%          5
f - Freezing Cloud        Conj/Ice/Air   15%        6-21      8%          5

Your spell library contained the following spells:

 Spells                   Type           Power      Damage    Failure   Level
 Foxfire                  Conj/Fire      24%        2x1d5     4%          1
 Cigotuvi's Dreadful Rot  Necr/Alch/Air  18%        N/A       4%          2
 Dazzling Flash           Conj/Hex       12%        N/A       13%         3
 Volatile Blastmotes      Fire/Tloc      12%        2d11      13%         3
 Summon Lightning Spire   Summ/Air       11%        N/A       22%         4
 Animate Armour           Summ/Erth      12%        N/A       38%         4
 Animate Dead             Necr           6%         N/A       38%         4
 Ignite Poison            Fire/Alch      6%         N/A       38%         4
 Iskenderun's Mystic Bla  Conj/Tloc      6%         2d4       38%         4
 Arcjolt                  Conj/Air       5%         1d15      52%         5
 Borgnjor's Vile Clutch   Necr/Erth      3%         N/A       71%         5
 Lee's Rapid Deconstruct  Erth           3%         3d5*      71%         5
 Sculpt Simulacrum        Ice/Alch       19%        N/A       21%         6
 Plasma Beam              Fire/Air       5%         2x1d16    96%         6
 Death Channel            Necr           3%         N/A       99%         6
 Starburst                Conj/Fire      3%         6d3       99%         6
 Maxwell's Capacitive Co  Air            8%         ∞         100%        8


Dungeon Overview and Level Annotations

Branches:
Dungeon (12/15)            Temple (1/1) D:4            Lair (0/5) D:10
    Orc (2/2) D:11          Sewer (visited)          Bailey (visited)
    Elf: Orc:2

Altars:
Ashenzari
Cheibriados
Dithmenos
Elyvilon
Fedhas
Gozag
Hepliaklqana
Kikubaaqudgha
Makhleb
Nemelex Xobeh
Okawaru
Qazlal
Ru
Sif Muna
Trog
Uskayaw
Vehumet
Wu Jian
Xom
Yredelemnul
Zin
The Shining One

Shops:
Orc:1 [

Annotations:
D:10 1 transporter


Innate Abilities, Weirdness & Mutations

Your life essence is reduced to manifest your ancestor. (-10% HP)
You regain HP and MP as you explore.


Message History

Your ice beast barely misses the skeletal warrior.
You hit the skeletal warrior but do no damage.
The skeletal warrior is heavily damaged.
The skeletal warrior hits you but does no damage.
Your ice beast hits the skeletal warrior but does no damage.
Unknown command.
You closely miss the skeletal warrior.
The skeletal warrior is heavily damaged.
Mettia closely misses the skeletal warrior.
The skeletal warrior hits you with a +0 dire flail!!
* * * LOW HITPOINT WARNING * * *
Your ice beast hits the skeletal warrior but does no damage.
Unknown command.
You closely miss the skeletal warrior.
The skeletal warrior is heavily damaged.
The skeletal warrior barely misses you.
Mettia hits the skeletal warrior but does no damage.
Your ice beast barely misses the skeletal warrior.
Unknown command.
Casting: Summon Ice Beast (safe; 1% risk of failure)
Confirm with . or Enter, or press ? or * to list all spells.
Aiming: Freezing Cloud (dangerous; 8% risk of failure)
Press: ? - help, Dir - move target The skeletal warrior is engulfed in freezing vapours.
The skeletal warrior hits you with a +0 dire flail!
* * * LOW HITPOINT WARNING * * *
Your ice beast barely misses the skeletal warrior.
Unknown command.
Unknown command.
You hit the skeletal warrior but do no damage.
The skeletal warrior is heavily damaged.
Mettia hits the skeletal warrior but does no damage.
The skeletal warrior is engulfed in freezing vapours.
The skeletal warrior hits you with a +0 dire flail.
* * * LOW HITPOINT WARNING * * *
Your ice beast barely misses the skeletal warrior.
You closely miss the skeletal warrior.
The skeletal warrior is severely damaged.
The skeletal warrior hits you with a +0 dire flail!
You die...

# #.R..### ###.########
# ##[#######
#...R....... #
#.....(..# #...........
# #........#
#........... #
#........###...........
#
#......§☼§.#...".......
#
#.....Y§§#.#...........
#
#.....Rz§#.............
#
#.....@..###...........
# #......).#
########.### #
#.......<# #..# #
######.### ##.## #
#...# #..# # #.###
##'##### #####
####'#### #......#
....# #.......#
#......# ....#
#.......# #......#


You could see the friendly Mettia the knight, a skeletal warrior (ally target)
and a friendly ice beast (summoned).

Vanquished Creatures
  2 boulder beetles
  3 two-headed ogres
  A skeletal warrior (D:11)
  2 orc knights
  An ugly thing (D:11)
  An orc sorcerer (Orc:2)
  A cyclops (D:11)
  Jeremiah (D:6)
  A kobold demonologist (D:10)
  4 trolls
  Sigmund (D:6)
  13 yaks
  A wyvern (D:7)
  2 steam dragons
  4 wargs
  An acid dragon (D:10)
  2 water moccasins (D:7)
  12 orc warriors
  An ice beast (D:7)
  3 sky beasts
  4 ogres
  6 centaurs
  3 kobold brigands
  3 bullfrogs
  Blork the orc (D:4)
  2 gnoll sergeants
  4 scorpions
  A wight (D:9)
  A killer bee (D:10)
  A howler monkey (D:10)
  4 electric eels (D:9)
  A bombardier beetle (D:4)
  A jelly (D:4)
  6 hounds
  16 orc priests
  2 iguanas
  9 orc wizards
  4 gnoll boudas
  3 sleepcaps (D:7)
  Natasha (thrice) (D:3)
  Robin (D:2)
  17 gnolls
  9 adders
  3 river rats
  4 ufetubi
  2 dart slugs
  4 ribbon worms
  30 orcs
  3 bats
  6 endoplasms
  5 giant cockroaches
  10 hobgoblins
  15 kobolds
  6 quokkas
  17 ball pythons
  5 frilled lizards
  14 goblins
  28 rats
311 creatures vanquished.

Vanquished Creatures (collateral kills)
  Erolcha (Orc:1)
  An orc knight (Orc:1)
  2 cyclopes
  A kobold blastminer (Orc:2)
  A troll (Orc:1)
  Grinder (D:4)
  A shadow (D:11)
  2 wyverns
  A vampire (D:10)
  4 yaks
  A warg (D:11)
  A steam dragon (D:7)
  2 ice beasts (D:7)
  A sky beast (D:6)
  2 orc warriors
  A centaur (D:9)
  A bullfrog (D:8)
  A scorpion (D:6)
  4 wights (D:6)
  3 killer bees
  A bombardier beetle (D:7)
  2 orc priests
  5 orc wizards
  10 gnolls
  21 orcs
  An endoplasm (Sewer)
  2 hobgoblins (Bailey)
  9 kobolds
  A ball python (Sewer)
  2 frilled lizards (Sewer)
  4 goblins
  2 rats (Sewer)
92 creatures vanquished.

Vanquished Creatures (others)
  4 knights
4 creatures vanquished.

Grand Total: 407 creatures vanquished

Notes
Turn   | Place    | Note
-------+----------+-------------------------------------------
     0 | D:1      | cdecastro the Human Ice Elementalist began the quest for
                  | the Orb.
     0 | D:1      | Reached XP level 1. HP: 13/13 MP: 3/3
   213 | D:1      | Reached XP level 2. HP: 19/19 MP: 3/5
   677 | D:1      | Reached XP level 3. HP: 20/24 MP: 2/6
   852 | D:1      | Reached skill level 5 in Ice Magic
  1221 | D:2      | Learned a level 3 spell: Frozen Ramparts
  1243 | D:2      | Identified the +0 robe of Bar Hap {^Drain rC+ Dex+2}
  1939 | D:2      | Reached XP level 4. HP: 23/30 MP: 3/7
  1991 | D:2      | Noticed Robin
  2014 | D:2      | Killed Robin
  2265 | D:3      | Found a shadowy altar of Dithmenos.
  2338 | D:3      | Reached skill level 6 in Ice Magic
  2461 | D:3      | Found a hazy altar of Hepliaklqana.
  2483 | D:3      | Reached XP level 5. HP: 35/35 MP: 4/8
  2586 | D:3      | Became a worshipper of Hepliaklqana the Forgotten
  2662 | D:3      | Found a shimmering altar of Xom.
  2729 | D:3      | Noticed Natasha
  2748 | D:3      | Killed Natasha
  2770 | D:3      | Found a bloodstained altar of Trog.
  2965 | D:3      | Noticed Natasha
  2976 | D:3      | Killed Natasha
  2977 | D:3      | Reached skill level 7 in Ice Magic
  2977 | D:3      | Reached XP level 6. HP: 41/41 MP: 6/9
  3079 | D:3      | Found a shimmering blue altar of Sif Muna.
  3130 | D:3      | Noticed Natasha
  3138 | D:3      | Killed Natasha
  3374 | D:4      | You fall into a shaft and drop 1 floor!
  3374 | D:5      | Entered Level 5 of the Dungeon
  3510 | D:5      | Found a glowing drain.
  3543 | Sewer    | Entered a sewer
  3609 | Sewer    | Reached skill level 8 in Ice Magic
  3647 | Sewer    | Learned a level 3 spell: Ozocubu's Armour
  3706 | Sewer    | Reached XP level 7. HP: 46/46 MP: 8/10
  3761 | Sewer    | Reached * piety under Hepliaklqana
  4239 | D:5      | Found an iron altar of Okawaru.
  4381 | D:4      | Reached skill level 5 in Spellcasting
  4473 | D:4      | Found a staircase to the Ecumenical Temple.
  4476 | D:4      | Reached ** piety under Hepliaklqana
  4483 | Temple   | Entered the Ecumenical Temple
  4484 | Temple   | Remembered your ancestor Mettia as a knight
  4573 | D:4      | Noticed Blork the orc
  4581 | D:4      | Killed Blork the orc
  4582 | D:4      | Reached XP level 8. HP: 27/46 MP: 13/16
  4701 | D:4      | Noticed Grinder
  4709 | D:4      | Killed Grinder
  5121 | D:4      | Found a radiant altar of Vehumet.
  5246 | D:4      | Learned a level 3 spell: Summon Ice Beast
  5393 | D:5      | Found an ornate altar of the Wu Jian Council.
  5471 | D:6      | Noticed Jeremiah
  5759 | D:6      | Killed Jeremiah
  5760 | D:6      | Reached skill level 9 in Ice Magic
  5891 | D:6      | Reached XP level 9. HP: 43/51 MP: 14/18
  5998 | D:6      | Reached skill level 10 in Ice Magic
  6387 | D:6      | Reached skill level 11 in Ice Magic
  6533 | D:6      | Noticed Sigmund
  6541 | D:6      | Killed Sigmund
  6688 | D:6      | Found a stormy altar of Qazlal.
  6778 | D:6      | Learned a level 5 spell: Metabolic Englaciation
  6790 | D:7      | Reached skill level 1 in Fighting
  6812 | D:7      | Found a flagged portal.
  6825 | Bailey   | Entered a bailey
  6842 | Bailey   | Noticed an orc warlord
  6881 | Bailey   | Noticed an orc knight
  6903 | Bailey   | Killed an orc knight
  6904 | Bailey   | Reached skill level 12 in Ice Magic
  6904 | Bailey   | Reached XP level 10. HP: 33/63 MP: 14/19
  7022 | Bailey   | Found a runed translucent gate.
  7022 | Bailey   | Found a runed translucent gate.
  7022 | Bailey   | Found a runed translucent gate.
  7192 | Bailey   | Reached skill level 13 in Ice Magic
  7192 | Bailey   | Reached XP level 11. HP: 80/80 MP: 20/20
  7262 | Bailey   | Got the Papyrus of Forces
  7300 | D:7      | Reached skill level 15 in Ice Magic
  7300 | D:7      | Reached XP level 12. HP: 86/86 MP: 21/21
  7307 | D:7      | Learned a level 5 spell: Freezing Cloud
  7751 | D:7      | Reached *** piety under Hepliaklqana
  7754 | D:7      | Found a glowing golden altar of the Shining One.
  8029 | D:7      | Noticed a boulder beetle
  8036 | D:7      | Reached skill level 16 in Ice Magic
  8041 | D:7      | Reached skill level 10 in Fighting
  8046 | D:7      | Killed a boulder beetle
  8656 | D:8      | Identified the +4 chain mail "Pafiuj" {Will- Str+6}
  8784 | D:8      | Reached skill level 1 in Invocations
  8862 | D:8      | Identified the +3 ring mail of Fywkiwud {rF+ Regen+ Dex+2
                  | Stlth-}
  9025 | D:8      | Identified the ring "Sued" {rC+ Int+4 Stlth+}
  9226 | D:9      | Noticed a two-headed ogre
  9249 | D:9      | Killed a two-headed ogre
  9954 | D:9      | Reached **** piety under Hepliaklqana
 10356 | D:10     | Entered Level 10 of the Dungeon
 10464 | D:10     | Found a staircase to the Lair.
 10484 | D:10     | Reached skill level 5 in Invocations
 10624 | D:10     | Noticed a two-headed ogre
 10629 | D:10     | Killed a two-headed ogre
 10674 | D:10     | Found a white marble altar of Elyvilon.
 10899 | D:10     | Noticed a two-headed ogre
 10909 | D:10     | Killed a two-headed ogre
 10910 | D:10     | Reached XP level 13. HP: 93/93 MP: 20/22
 11129 | D:10     | Found a transporter.
 11664 | D:10     | Identified a scroll of acquirement
 11664 | D:10     | Acquired the staff of the Hurling Messenger {Fly rC+ rN+
                  | Ice Air}
 12609 | D:11     | Found a staircase to the Orcish Mines.
 12668 | D:11     | Found a shimmering blue altar of Sif Muna.
 12882 | Orc:1    | Entered Level 1 of the Orcish Mines
 12987 | Orc:1    | Found Yvocrium's Antique Armour Shoppe.
 13066 | Orc:1    | Reached skill level 17 in Ice Magic
 13199 | Orc:2    | Entered Level 2 of the Orcish Mines
 13486 | Orc:1    | Reached skill level 1 in Air Magic
 13555 | Orc:1    | Noticed Erolcha
 13563 | Orc:1    | Killed Erolcha
 15150 | D:11     | Slain by a skeletal warrior

Illustrated notes

Levels and vault maps discovered:
D:1:      ncdulo_watergridlock, layout_basic
D:2:      layout_basic, serial_curves, eino_curves_03, eino_curves_03,
          uniq_robin
D:3:      layout_basic, mainiacjoe_overflow_catch_the_wave,
          nicolae_dithmenos_shadow_blocks, mainiacjoe_overflow_brackets,
          lemuel_doored_altar, hex_large, uniq_natasha
D:4:      layout_loops_ring, kennysheep_mini, minmay_temple_entry_wispy,
          hangedman_abyss_or_decor_passed, grunt_ministairs_4,
          hangedman_decor_growths, uniq_grinder, uniq_blork_the_orc
D:5:      layout_loops_ring, kennysheep_little_box, kennysheep_okawaru_gauntlet,
          cheibrodos_sewer_entry_sluice
D:6:      layout_loops_ring, nicolae_qazlal_eye_of_the_storm, abandoned_shop,
          uniq_sigmund, uniq_jeremiah
D:7:      wad_guarded_room, layout_gridville, tso_metal_star, enter_bailey_7,
          corexii_leaking_fountain
D:8:      layout_loops_ring
D:9:      layout_long_grid, serial_bayou, serial_bayou_lake_a,
          serial_bayou_pond_e, serial_bayou_shore_a, serial_bayou_shore_b,
          st_stairs_3, uniq_harold
D:10:     layout_loops_ring, overflow_temple_1_default, lair_entry_dummy,
          st_stairs_5, nicolae_diode_basic
D:11:     layout_roguey, orc_0_dummy, nicolae_sif_muna_little_library
D:12:     layout_loops_ring, minmay_misc_feat_five, uniq_snorg
Temple:   nicolae_temple_ecumenical_triangle
Orc:1:    layout_caves, serial_shops, nicolae_shop_tiny_statue_garden,
          uniq_erolcha
Orc:2:    st_orc_town, layout_caves

Skill      XL: |  1  2  3  4  5  6  7  8  9 10 11 12 13 |
---------------+----------------------------------------+-----
Ice Magic      | 5 6 7 8 9 12 13 15 16 17 | 17.0
Spellcasting   | 5 6 |  6.6
Fighting       | 3 9 10 | 10.6
Invocations    | 6 9 |  9.7
Air Magic      | 2 |  2.9
Dodging        | |  2.0
Stealth        | |  2.0

Action                     |  1- 3 |  4- 6 |  7- 9 | 10-12 | 13-15 || total
---------------------------+-------+-------+-------+-------+-------++-------
  Melee: Short sword       |    76 |   101 |   105 |    95 |    67 ||   444
         Punch             |     1 |     2 |     1 |       |     3 ||     7
   Cast: Freeze            |    59 |       |       |       |       ||    59
         Frozen Ramparts   |     1 |    27 |    40 |    41 |    14 ||   123
         Summon Ice Beast  |       |       |    10 |    13 |    17 ||    40
         Ozocubu's Armour  |       |       |    10 |    15 |    11 ||    36
         Freezing Cloud    |       |       |       |    10 |    25 ||    35
 Invoke: Ancestor Life: Kn |       |       |     1 |       |       ||     1
         Recall Ancestor   |       |       |     2 |    12 |     3 ||    17
  Evoke: Wand              |       |       |       |       |     3 ||     3
    Use: Potion            |       |       |       |     2 |       ||     2
         Scroll            |       |       |       |     8 |    13 ||    21
   Stab: Sleeping          |     2 |     2 |     3 |     5 |       ||    12
         Distracted        |       |       |     1 |     1 |       ||     2
 Armour: Robe              |    66 |    62 |   104 |    24 |       ||   256
         Steam dragon scal |       |       |       |    80 |   121 ||   201
  Dodge: Dodged            |    84 |    97 |    96 |    75 |    74 ||   426
